AoeStats
← Reis

Arena

507126249Analyzed
4v4 RM · 16d ago on Sep 16, 2026· 43m 41s· 8 players
Game mode
Random Map
Map size
Large (8 player)
Population
200
Speed
Normal
Resources
Standard
Victory
Conquest
Starting age
Dark Age
Ending age
Imperial Age
RankedLock teamsTeams togetherTeam positionsShared explorationLock speedFull tech treeHidden civsTurbo modeCheats
Victory
Defeat
🇨🇭 Bulgarians · Switzerland
1310
+18
1298
+19
🇿🇦 Persians · South Africa
1289
+19
🇫🇷 Celts · France
1415
-21
🇫🇷 Shu · France
1411
-21
🇫🇷 Wu · France
1401
-20
🇫🇷 Burgundians · France
1207
-13
SabreT00th95
10:35 Feudal Age
11:05 Double-Bit Axe
16:32 Castle Age
17:53 Bloodlines
17:46 Husbandry
18:28 Forging
25:16 Bow Saw
27:51 Horse Collar
28:13 Loom
28:33 Heavy Plow
28:31 Gold Mining
28:37 Stone Mining
29:49 Iron Casting
29:20 Scale Barding Armor
30:57 Chain Barding Armor
31:38 Wheelbarrow
34:48 Imperial Age
32:05 Town Watch
34:16 Fletching
34:38 Elite War Elephant
35:40 Conscription
36:25 Blast Furnace
36:05 Plate Barding Armor
36:10 Ballistics
36:37 Kamandaran
38:00 Chemistry
36:57 Bodkin Arrow
37:13 Crossbowman
38:48 Thumb Ring
40:07 Padded Archer Armor
41:34 Crop Rotation
42:08 Two-Man Saw
43:28 Devotion
Reis
10:08 Feudal Age
14:40 Castle Age
14:27 Loom
20:02 Fletching
26:06 Bodkin Arrow
33:29 Scale Barding Armor
34:03 Forging
34:16 Chain Barding Armor
36:23 Double-Bit Axe
37:39 Horse Collar
38:36 Wheelbarrow
38:57 Bow Saw
39:46 Heavy Plow
43:52 Hand Cart
我想给自己改个简单又不重复的名字
6:13 Loom
8:53 Feudal Age
10:30 Double-Bit Axe
10:33 Horse Collar
15:13 Fletching
20:40 Wheelbarrow
23:53 Castle Age
22:39 Town Watch
23:06 Stone Mining
23:06 Gold Mining
25:29 Bodkin Arrow
26:38 Heavy Plow
31:07 Hand Cart
31:16 Hand Cart
31:15 Fortified Wall
31:28 Treadmill Crane
32:00 Murder Holes
32:16 Masonry
33:10 Szlachta Privileges
33:48 Stone Shaft Mining
34:22 Ballistics
38:40 Imperial Age
38:43 Capped Ram
40:35 Conscription
39:49 Elite Obuch
42:09 Hoardings
41:40 Bracer
41:42 Scale Mail Armor
41:52 Forging
43:54 Chain Mail Armor
44:15 Iron Casting
myth大帝110110110
10:57 Feudal Age
14:47 Castle Age
13:38 Double-Bit Axe
13:43 Horse Collar
17:47 Bow Saw
17:38 Heavy Plow
22:47 Loom
24:57 Stone Mining
25:49 Wheelbarrow
26:28 Forging
26:16 Gold Mining
27:51 Gold Shaft Mining
29:53 Imperial Age
27:40 Hand Cart
29:07 Stone Shaft Mining
30:16 Grand Trunk Road
30:58 Conscription
30:53 Forging
32:02 Chemistry
32:27 Iron Casting
32:01 Scale Barding Armor
32:32 Husbandry
31:54 Heavy Camel Rider
33:44 Blast Furnace
33:06 Chain Barding Armor
33:08 Bloodlines
33:41 Scale Mail Armor
34:37 Plate Barding Armor
33:38 Imperial Camel Rider
35:20 Chain Mail Armor
37:25 Fletching
38:08 Ballistics
37:54 Siege Engineers
42:18 Padded Archer Armor
42:01 Light Cavalry
AGS.Euphiebe
8:00 Double-Bit Axe
11:55 Feudal Age
15:51 Castle Age
14:17 Bow Saw
19:16 Two-Man Saw
18:03 Loom
18:22 Horse Collar
20:03 Wheelbarrow
21:29 Heavy Plow
23:40 Hand Cart
27:01 Forging
26:57 Scale Barding Armor
29:25 Imperial Age
27:15 Town Watch
28:40 Iron Casting
29:01 Chain Barding Armor
28:54 Husbandry
28:14 Cavalier
29:24 Gold Mining
31:21 Blast Furnace
31:26 Plate Barding Armor
30:41 Light Cavalry
31:17 Paladin
34:07 Chemistry
33:18 Fortified Wall
37:07 Scale Mail Armor
37:24 Squires
36:45 Pikeman
38:21 Chain Mail Armor
38:07 Halberdier
AGS.Shirar
11:29 Feudal Age
9:46 Loom
11:32 Feudal Age
16:03 Fletching
18:53 Double-Bit Axe
18:56 Horse Collar
25:19 Castle Age
24:13 Stone Mining
24:13 Gold Mining
27:25 Bodkin Arrow
28:33 Padded Archer Armor
30:17 Leather Archer Armor
30:30 Red Cliffs Tactics
33:13 Bow Saw
37:13 Imperial Age
37:18 Scale Mail Armor
37:29 Forging
38:19 Ballistics
37:34 Pikeman
39:00 Bracer
40:01 Chemistry
39:19 Halberdier
39:47 Elite Fire Archer
40:46 Chain Mail Armor
41:06 Iron Casting
TwoTemple
10:58 Feudal Age
14:34 Castle Age
12:53 Horse Collar
13:30 Double-Bit Axe
17:18 Bow Saw
17:59 Loom
19:58 Scale Mail Armor
20:46 Pikeman
22:22 Chain Mail Armor
23:02 Forging
24:18 Wheelbarrow
26:16 Heavy Plow
25:40 Man-at-Arms
26:05 Arson
26:06 Gambesons
27:54 Iron Casting
26:41 Long Swordsman
29:04 Hand Cart
28:47 Gold Mining
32:11 Imperial Age
29:45 Town Watch
32:24 Gold Shaft Mining
31:39 Stone Mining
32:23 Fletching
33:26 Plate Mail Armor
33:56 Blast Furnace
33:20 Conscription
32:22 Capped Ram
33:19 Bodkin Arrow
33:17 Two-Handed Swordsman
34:50 Stone Shaft Mining
33:59 Treadmill Crane
34:00 Halberdier
35:12 Champion
37:06 Ballistics
36:11 Onager
38:17 Masonry
38:18 Fortified Wall
38:24 Siege Ram
38:52 Siege Onager
40:35 Furor Celtica
41:05 Murder Holes
41:15 Siege Engineers
AGS.Sylvatica
10:24 Feudal Age
14:09 Castle Age
12:08 Double-Bit Axe
12:41 Horse Collar
16:37 Bow Saw
17:53 Loom
21:45 Fletching
Connection lost

Rejoining the realm…

Still unreachable

The connection could not be restored.

Session expired

The server has moved on; the page needs a fresh start.